 Dungeon Crawl Stone Soup version 0.19-a0-1700-g86d965a (webtiles) character file.

86 sinon the Vexing (level 4, -1/38 HPs)
             Began as a Basajaun Arcane Marksman on Oct 1, 2016.
             Was an Initiate of Dithmenos.
             Killed by divine providence
             ... invoked by an orc priest
              (10 damage)
             ... on level 3 of the Dungeon.
             The game lasted 00:14:03 (2816 turns).

sinon the Vexing (Basajaun Arcane Marksman)         Turns: 2816, Time: 00:14:04

Health: -1/38      AC:  3    Str: 15    XL:     4   Next: 26%
Magic:  2/6        EV: 10    Int: 14    God:    Dithmenos [......]
Gold:   137        SH:  0    Dex:  9    Spells: 2 memorised, 2 levels left

rFire  . . .     SeeInvis .     o - +0 hunting sling (freeze)
rCold  . . .     Gourm    .     a - +0 robe
rNeg   . . .     Faith    .     (no shield)
rPois  .         Spirit   .     (helmet restricted)
rElec  .         Dismiss  .     (no cloak)
rCorr  .         Reflect  .     (gloves unavailable)
MR     .....     Harm     .     (boots unavailable)
Stlth  +.........               (no amulet)
                                (no ring)
                                (no ring)

@: very slightly contaminated
A: unfitting armour
a: Renounce Religion


You were on level 3 of the Dungeon.
You worshipped Dithmenos.
Dithmenos was noncommittal.
You were very hungry.

You visited 1 branch of the dungeon, and saw 3 of its levels.

You collected 137 gold pieces.

Inventory:

Hand Weapons
 o - a +0 hunting sling of freezing (weapon)
 r - a +0 dagger of draining
 s - a +0 blowgun
Missiles
 d - 2 throwing nets
 e - 65 stones (quivered)
 g - 14 poisoned needles
Armour
 a - a +0 robe (worn)
Wands
 u - a wand of digging (14/24)
Scrolls
 j - 2 scrolls of random uselessness {unknown}
 l - 2 scrolls of teleportation {unknown}
 m - a scroll of fear {unknown}
 n - a scroll of identify {unknown}
 p - 3 scrolls of amnesia {unknown}
 q - 2 scrolls of magic mapping {unknown}
 x - 3 scrolls of remove curse {unknown}
Potions
 t - a potion of haste {unknown}
 v - a potion of might {unknown}
Books
 b - a book of Debilitation

   Spells                             Type                      Level
   a - Corona                         Hexes                        1
   b - Slow                           Hexes                        2
   c - Gell's Gravitas                Hexes/Translocation          3
   d - Inner Flame                    Hexes/Fire                   3
   e - Cause Fear                     Hexes                        4
   f - Leda's Liquefaction            Hexes/Earth                  4
Comestibles
 f - 5 bread rations
 k - a meat ration
 w - 6 fruits


   Skills:
 - Level 1.1 Fighting
 + Level 2.9 Throwing
 - Level 1.5 Dodging
 - Level 1.2 Spellcasting
 + Level 4.5 Hexes


You had 2 spell levels left.
You knew the following spells:

 Your Spells              Type           Power        Failure   Level  Hunger
a - Corona                Hex            ##.....      4%          1    ##.....
b - Slow                  Hex            ##......     10%         2    ###....


Dungeon Overview and Level Annotations

Branches:
Dungeon (3/15)

Altars:
Ashenzari
Dithmenos


Message History

Aim: an orc priest, wielding a trident and wearing a leather armour (heavily wounded, slow)
You shoot a stone. The stone hits the orc priest.
The stone freezes the orc priest.
The orc priest is heavily wounded.
The orc priest casts a cantrip, but nothing happens.
Firing (i - inventory. (,) - cycle):
e - 67 stones (quivered)
Press: ? - help, Shift-Dir - straight line, f/p - orc priest
Aim: an orc priest, wielding a trident and wearing a leather armour (heavily wounded, slow)
You shoot a stone.
The stone hits the orc priest but does no damage.
The orc priest is heavily wounded.
Firing (i - inventory. (,) - cycle):
e - 66 stones (quivered)
Press: ? - help, Shift-Dir - straight line, f/p - orc priest
Aim: an orc priest, wielding a trident and wearing a leather armour (heavily wounded, slow)
You shoot a stone. The stone hits the orc priest.
The stone freezes the orc priest.
The orc priest is severely wounded.
The orc priest calls down the wrath of Beogh upon you.
Beogh smites you!
You die...

...#
#....######.......###.#.#
...# #.##......#.......#
#.#.# ...#
#.#######.###'##### #...#
...# #.#...........# ##..##
#### #.#.#####.#########
#...### #.#.....#.#.o((((.#
#...##.
#####.#..#..#.#.#####.#
##...#. ##.....#..#..#.#.#
#.# #...#. #......#..#.##.#@#
#o# ##..#.
#......#..#.##.#.#####'###
#..#.
#......#..#..#.#.#....(..#
##.#.
##........##.#.#.#<...o..#
#...
####.....#......#.....(.#
###... #.....#..#.###.......#
#..... #.....#..#.#
#.......###.##.. #.....####.#
#...........##..
#.....####.#########.....###.


You could see an orc priest.

Vanquished Creatures
  2 adders (D:3)
  4 worms
  The ghost of 4tharraofdagon the Skirmisher, a weakling BaMo (D:3)
  4 dart slugs
  3 leopard geckos
  2 orcs (D:3)
  2 giant cockroaches
  3 goblins
  4 hobgoblins
  2 quokkas (D:2)
  4 bats
  7 kobolds
  3 rats
41 creatures vanquished.

Notes
Turn   | Place    | Note
-------+----------+-------------------------------------------
     0 | D:1      | sinon the Basajaun Arcane Marksman began the quest for the Orb.
     0 | D:1      | Reached XP level 1. HP: 18/18 MP: 3/3
   705 | D:1      | Reached XP level 2. HP: 23/25 MP: 2/4
   838 | D:1      | Learned a level 2 spell: Slow
  1100 | D:2      | Found a shadowy altar of Dithmenos.
  1103 | D:2      | Became a worshipper of Dithmenos the Shadowed
  1226 | D:2      | Reached XP level 3. HP: 31/31 MP: 5/5
  1596 | D:2      | Reached skill level 4 in Hexes
  1909 | D:3      | Found a shattered altar of Ashenzari.
  2118 | D:3      | Noticed 4tharraofdagon's ghost (weakling BaMo)
  2125 | D:3      | Killed 4tharraofdagon's ghost
  2253 | D:3      | Reached XP level 4. HP: 18/38 MP: 4/6
  2816 | D:3      | Killed from afar by an orc priest

Vault maps used:
D:1:      lemuel_arrival_funnel
D:2:      lemuel_doored_altar, first_bread
D:3:      nicolae_ashenzari_panopticon

Skill      XL: |  1  2  3 |
---------------+----------+-----
Throwing       | 2 |  2.9
Hexes          | 4 |  4.5
Fighting       | |  1.1
Dodging        | |  1.5
Spellcasting   | |  1.2

Action                   |  1- 3 |  4- 6 || total
-------------------------+-------+-------++-------
Melee: Dagger            |     4 |       ||     4
 Fire: Hunting sling     |   133 |    21 ||   154
       Blowgun           |     3 |       ||     3
Throw: Large rock        |     5 |     4 ||     9
 Cast: Corona            |    12 |       ||    12
       Slow              |     1 |     2 ||     3
  Use: Potion            |     2 |       ||     2
  Eat: Chunk             |     4 |     1 ||     5
Armor: Robe              |    10 |     1 ||    11
Dodge: Dodged            |    23 |     1 ||    24
